 Dungeon Crawl Stone Soup version 0.26-a0-682-g294304f6e8 (webtiles) character file.

Game seed: 7132230911395877511

391 dickylongcocking the Stinger (level 7, -6/46 HPs)
             Began as a Formicid Venom Mage on Oct 21, 2020.
             Mangled by an ogre
             ... wielding a +6 great mace
              (29 damage)
             ... on level 3 of the Dungeon.
             The game lasted 00:05:19 (5430 turns).

dickylongcocking the Stinger (Formicid Venom Mage)  Turns: 5430, Time: 00:05:19

Health: -6/46      AC:  5    Str: 12    XL:     7   Next: 8%
Magic:  3/12       EV: 10    Int: 17    God:
Gold:   242        SH:  0    Dex: 11    Spells: 2/13 levels left

rFire    . . .     SeeInvis +   e - +0 dagger (holy)
rCold    . . .     Faith    .   (no shield)
rNeg     . . .     Spirit   .   f - +0 leather armour
rPois    .         Reflect  .   (helmet unavailable)
rElec    .         Harm     .   m - +0 cloak
rCorr    .         Rampage  .   c - +0 pair of gloves
MR       .....                  (no boots)
Stlth    +.........             (no amulet)
HPRegen  0.15/turn              (no ring)
MPRegen  0.13/turn              (no ring)

@: very slightly contaminated, heavily drained
A: permanent stasis, dig shafts and tunnels, four strong arms, antennae 3
a: Dig, Shaft Self


You were on level 3 of the Dungeon.
You visited 1 branch of the dungeon, and saw 3 of its levels.

You collected 242 gold pieces.

Inventory:

Hand Weapons
 e - a +0 dagger of holy wrath (weapon)
Armour
 a - a +0 robe
 c - a +0 pair of gloves (worn)
 f - a +0 leather armour (worn)
 m - a +0 cloak (worn)
 u - a +0 scale mail
Jewellery
 q - an uncursed ring of resist corrosion
Scrolls
 d - 3 scrolls of remove curse
 h - a scroll of amnesia
 i - a scroll of immolation {unknown}
 l - a scroll of teleportation {unknown}
 n - 2 scrolls of magic mapping {unknown}
 s - a scroll of fear {unknown}
 t - a scroll of blinking {unknown}
Potions
 b - 2 potions of brilliance
 o - a potion of resistance {unknown}
 p - a potion of cancellation {unknown}
 r - 2 potions of magic {unknown}


   Skills:
 * Level 3.7(1.6) Armour
 - Level 1.8(0.0) Dodging
 - Level 2.4(0.4) Stealth
 * Level 3.9(1.8) Spellcasting
 - Level 1.1(0.0) Transmutations
 * Level 0.6(0.0) Air Magic
 * Level 7.1(4.8) Poison Magic


You had 2 spell levels left.
You knew the following spells:

 Your Spells              Type           Power        Failure   Level
a - Sting                 Tmut/Pois      #...         10%         1
b - Ignite Poison         Fire/Tmut/Pois #.......     36%         3
c - Mephitic Cloud        Conj/Pois/Air  #.......     36%         3
d - Olgreb's Toxic Radia  Pois           ###.....     34%         4

Your spell library contained the following spells:

 Spells                   Type           Power        Failure   Level
 Poisonous Vapours        Pois/Air       #.....       14%         2


Dungeon Overview and Level Annotations

Branches:
Dungeon (3/15)

Altars:


Innate Abilities, Weirdness & Mutations

You cannot be hasted, slowed, berserked, paralysed or teleported.
You can dig through walls and to a lower floor.
Your four strong arms can wield two-handed weapons with a shield.
You have a pair of large antennae on your head. (SInv)


Message History

Casting: Ignite Poison (quite dangerous; 36% risk of failure)
Confirm with . or Enter, or press ? or * to list all spells.
You don't know that spell.
Unknown command.
You feel sick. The ogre hits you with a +6 great mace!
Casting: Ignite Poison (quite dangerous; 36% risk of failure)
Confirm with . or Enter, or press ? or * to list all spells.
The spell is quite dangerous to cast (36% risk of failure)!
Continue anyway?
You miscast Ignite Poison.
Nothing appears to happen.
Unknown command.
You feel sick.
Okay, then.
You see here a scroll of identify.
You feel sick.
The ogre looks more healthy.
You feel sick.
You are no longer poisoned.
The ogre hits you with a +6 great mace!!
Ouch! That really hurt!
You die...

.....##...# #....#
..>.......## #....#
[..........## #....#
............## #....#
.........#...# #....#
##.........#############....#
....#####..#.....©.....#....#
###...###..#.#.O#.#..#.#....#
#..........#..##@..##..#....#
...........#..##...##..#[...#
#########..#.#..#.#..#.#....#
# ####....?$....©#....#
##############....##
#.....©.©...(......#
###.##........#######
###...........(.....#
#####....###......(.....#


You could see an ogre.

Vanquished Creatures
  An orc warrior (D:3)
  The ghost of IdlyInterested the Cutter, an amateur DrMo (D:3)
  2 orc wizards (D:2)
  5 adders
  An ooze (D:3)
  4 dart slugs
  4 leopard geckos
  9 orcs
  3 giant cockroaches
  13 goblins
  12 hobgoblins
  9 jackals
  7 kobolds
  A ball python (D:3)
  10 bats
  A frilled lizard (D:1)
  8 rats
91 creatures vanquished.

Vanquished Creatures (others)
  6 toadstools (D:2)
6 creatures vanquished.

Grand Total: 97 creatures vanquished

Notes
Turn   | Place    | Note
-------+----------+-------------------------------------------
     0 | D:1      | dickylongcocking the Formicid Venom Mage began the quest
                  | for the Orb.
     0 | D:1      | Reached XP level 1. HP: 13/13 MP: 3/3
   268 | D:1      | Reached XP level 2. HP: 19/19 MP: 5/5
   917 | D:1      | Reached skill level 5 in Poison Magic
  1025 | D:1      | Reached XP level 3. HP: 14/24 MP: 2/6
  1030 | D:1      | Learned a level 3 spell: Ignite Poison
  1699 | D:2      | Reached skill level 1 in Armour
  1911 | D:2      | Reached XP level 4. HP: 26/30 MP: 0/7
  2689 | D:2      | Found a faded altar of an unknown god.
  3448 | D:3      | Reached XP level 5. HP: 35/35 MP: 3/9
  3481 | D:2      | Reached skill level 6 in Poison Magic
  4357 | D:3      | Reached XP level 6. HP: 34/41 MP: 2/10
  4563 | D:3      | Noticed IdlyInterested's ghost (amateur DrMo)
  4566 | D:3      | Found a transporter.
  4567 | D:3      | Found a transporter.
  4567 | D:3      | Noticed an ogre
  4568 | D:3      | Noticed an orc warrior
  4593 | D:3      | Killed an orc warrior
  4871 | D:3      | Learned a level 3 spell: Mephitic Cloud
  5164 | D:3      | Killed IdlyInterested's ghost
  5164 | D:3      | Reached skill level 7 in Poison Magic
  5164 | D:3      | Reached XP level 7. HP: 25/46 MP: 12/12
  5406 | D:3      | Learned a level 4 spell: Olgreb's Toxic Radiance
  5430 | D:3      | Mangled by an ogre

Illustrated notes

Levels and vault maps discovered:
D:1:      dpeg_arrival_windows_large_door, layout_basic, interstate_on_off
D:2:      layout_loops_ring, chequers_ecumenical_altar_twisty,
          minmay_liquid_box, minmay_misc_feat_rows, st_stairs_6,
          minmay_gold_behind_fungi
D:3:      layout_rooms, gammafunk_ghost_smash

Skill      XL: |  1  2  3  4  5  6 |
---------------+-------------------+-----
Poison Magic   | 5 6 7 |  7.1
Armour         | 1 2 3 |  3.7
Spellcasting   | 3 |  3.9
Dodging        | |  1.8
Stealth        | |  2.4
Transmutations | |  1.1
Air Magic      | |  0.6

Action                   |  1- 3 |  4- 6 |  7- 9 || total
-------------------------+-------+-------+-------++-------
Melee: Dagger            |    36 |   136 |       ||   172
 Cast: Sting             |    54 |   111 |     2 ||   167
       Ignite Poison     |       |     1 |       ||     1
 Abil: Dig               |       |     1 |       ||     1
  Use: Scroll            |     3 |     3 |       ||     6
       Potion            |       |     2 |       ||     2
 Stab: Sleeping          |     3 |       |       ||     3
Armor: Robe              |     1 |       |       ||     1
       Leather armour    |     9 |   134 |       ||   143
Dodge: Dodged            |    33 |   231 |     1 ||   265

Table legend: (Time is in decaauts)
 A = Elapsed time spent in this place.
 B = Non-inter-level travel time spent in this place.
 C = Inter-level travel time spent in this place.
 D = Time resting spent in this place.
 E = Time spent auto-exploring this place.
 F = Levels seen in this place.
 G = Mean time per level.
                   A        B        C        D        E       F      G
               +--------+--------+--------+--------+--------+-----+--------+
         Total |   5437 |   5358 |     79 |   1955 |   2530 |   3 | 1812.3 |
       Dungeon |   5437 |   5358 |     79 |   1955 |   2530 |   3 | 1812.3 |
               +--------+--------+--------+--------+--------+-----+--------+

Top non-repeatable levels by time:
     D:2: 2310 daAuts
     D:1: 1924 daAuts
     D:3: 1202 daAuts
